 Dungeon Crawl Stone Soup version 0.17-a0-2115-g0d8b93e (webtiles) character file.

13180 Ordine the Cruncher (level 11, -26/99 HPs)
             Began as a Minotaur Gladiator on Oct 19, 2015.
             Was a High Priest of Okawaru.
             Annihilated by a wolf spider simulacrum (29 damage)
             ... in an ice cave.
             The game lasted 00:46:39 (12194 turns).

Ordine the Cruncher (Minotaur Gladiator)           Turns: 12194, Time: 00:46:39

Health: -26/99     AC: 18    Str: 30    XL:     11   Next: 72%
Magic:  10/10      EV: 16    Int:  5    God:    Okawaru [*****.]
Gold:   437        SH:  0    Dex: 11    Spells: 1 memorised, 9 levels left

rFire  . . .     SeeInvis .     T - +3 lajatang of Distant Worlds {freeze, rElec Str+3}
rCold  . . .     Clarity  +     S - +1 plate armour
rNeg   + . .     SustAt   .     (no shield)
rPois  .         Gourm    .     c - +0 hat
rElec  +         Spirit   .     A - +2 cloak
rCorr  .         Warding  +     (no gloves)
rMut   .         Stasis   .     (no boots)
MR     .....                    h - amulet of warding
Stlth  ..........               u - +4 ring of evasion
                                y - +6 ring of strength

@: not resistant to hostile enchantments, extremely unstealthy
A: retaliatory headbutt, fangs 1, horns 2, iridescent scales 1, clarity, clumsy
1, deformed body, screaming 1, spit poison 1, MP-powered wands
a: Spit Poison, Heroism, Finesse, Renounce Religion


You were in an ice cave.
You worshipped Okawaru.
Okawaru was extremely pleased with you.
You were not hungry.

You visited 3 branches of the dungeon, and saw 13 of its levels.
You also visited: Ossuary and Ice Cave.

You collected 437 gold pieces.

Inventory:

Hand Weapons
 a - a +1 quarterstaff
 T - the +3 lajatang of Distant Worlds (weapon) {freeze, rElec Str+3}
   (Okawaru gifted it to you on level 2 of the Lair of Beasts)

   It has been specially enchanted to freeze those struck by it, causing extra
   injury to most foes and up to half again as much damage against particularly
   susceptible opponents.
   It can also slow down cold-blooded creatures.
   It affects your strength (+3).
   It insulates you from electricity.
Missiles
 d - 5 throwing nets (quivered)
Armour
 c - a +0 hat (worn)
 A - a +2 cloak (worn)
 S - a +1 plate armour (worn)
Jewellery
 h - an amulet of warding (around neck)
 j - an uncursed ring of flight
 k - an uncursed ring of see invisible
 u - a +4 ring of evasion (right hand)
 y - a +6 ring of strength (left hand)
 E - an uncursed ring of positive energy
Scrolls
 C - 4 scrolls of teleportation
 Q - a scroll of fear
 U - a scroll of silence
Potions
 b - a potion of haste
 m - a potion of invisibility
 n - 2 potions of agility
 r - a potion of lignification
 x - 3 potions of cancellation
 z - 2 potions of heal wounds
 B - 3 potions of curing
Comestibles
 f - a beef jerky
 w - 8 slices of pizza
 X - 2 fruits


   Skills:
 - Level 10.0 Fighting
 - Level 14.0 Staves
 - Level 2.0 Throwing
 - Level 10.2 Armour
 - Level 10.0 Dodging
 + Level 2.2 Earth Magic


You had 9 spell levels left.
You knew the following spells:

 Your Spells              Type           Power        Failure   Level  Hunger
a - Sandblast             Erth           #.....       98%         1    ##.....


Dungeon Overview and Level Annotations

Branches:
Dungeon (9/15)             Temple (1/1) D:5            Lair (3/8) D:9
  Swamp: Lair:3-6    Shoals: Lair:3-6     Snake: Lair:3-6    Spider: Lair:3-6
    Orc: D:9-12

Altars:
Ashenzari
Cheibriados
Dithmenos
Elyvilon
Fedhas
Gozag
Kikubaaqudgha
Makhleb
Nemelex Xobeh
Okawaru
Qazlal
Ru
Sif Muna
Trog
Vehumet
Xom
Yredelemnul
Zin
The Shining One


Innate Abilities, Weirdness & Mutations

You reflexively headbutt those who attack you in melee.
You have a pair of horns on your head.
You have very sharp teeth.
You are partially covered in iridescent scales (AC +4).
You possess an exceptional clarity of mind.
You are clumsy. (Dex -2)
Armour fits poorly on your strangely shaped body.
You occasionally shout uncontrollably at your foes.
You can spit weak poison.
You expend magic power (3 MP) to strengthen your wands.


Message History

You fail to use your ability.
The wolf spider simulacrum closely misses you.
You furiously retaliate!
You headbutt the wolf spider simulacrum.
The wolf spider simulacrum bites you but does no damage.
The polar bear simulacrum barely misses you.
You furiously retaliate!
You headbutt the polar bear simulacrum.
The polar bear simulacrum barely misses you.
The polar bear simulacrum claws you but does no damage.
The wolf spider simulacrum hits you but does no damage.
The wolf spider simulacrum bites you.
* * * LOW HITPOINT WARNING * * *
The wolf spider simulacrum freezes you!!
* * * LOW HITPOINT WARNING * * *
The polar bear simulacrum barely misses you.
The polar bear simulacrum closely misses you.
The polar bear simulacrum misses you. The wolf spider simulacrum hits you.
* * * LOW HITPOINT WARNING * * *
The wolf spider simulacrum freezes you!!
You die...

#####
##...##
##..∩..##
#.......#
#...Z@..#
##..ZZZ##
##...##
#...#
##...
#...#
...##
..## ..#


You could see 2 polar bear simulacra and 2 wolf spider simulacra.

Vanquished Creatures
  Harold (Lair:2)
  A hydra (Lair:3)
  Erica (D:8)
  The ghost of Zero the Cleaver, a novice GrBe of Trog (D:9)
  A black mamba (Lair:1)
  The ghost of Clownie the Covert, a novice OpAs of Vehumet (D:6)
  A fire drake (Lair:2)
  The ghost of Clownie the Covert, a novice OpAs of Vehumet (D:5)
  5 spiny frogs
  2 komodo dragons
  7 blink frogs (Lair:2)
  A spriggan (D:9)
  7 yaks
  A wyvern (D:8)
  A deep elf fighter (D:9)
  A hungry ghost (D:8)
  Menkaure (D:4)
  4 wolves (Lair:1)
  2 porcupines
  2 water moccasins (Lair:2)
  Duvessa (D:4)
  An eye of draining (D:9)
  3 ogres
  A necrophage (D:6)
  3 sky beasts
  A centaur (D:7)
  A phantom (D:3)
  An ice beast (D:8)
  4 crocodiles
  Blork the orc (D:5)
  10 giant frogs
  Dowan (D:4)
  2 scorpions
  A water moccasin skeleton (D:4)
  9 wights
  2 jellies
  4 crimson imps
  2 giant frog skeletons
  4 orc wizards
  A human zombie (Ossuary)
  An orc priest (D:6)
  A hound (D:7)
  5 iguanas
  A wasp zombie (D:7)
  4 worker ants
  A big kobold zombie (Ossuary)
  A hound skeleton (D:8)
  2 mummies (Ossuary)
  2 worker ant zombies (D:7)
  9 adders
  9 river rats
  2 shadow imps
  2 oozes
  An adder skeleton (D:5)
  3 worms
  4 giant geckos
  20 orcs
  A ball python (D:1)
  18 bats
  6 giant cockroaches
  3 goblins
  5 hobgoblins
  4 jackals (D:6)
  7 kobolds
  A ball python skeleton (D:4)
  2 giant gecko skeletons (D:4)
  A giant gecko zombie (D:5)
  3 giant newts
  2 gnoll zombies (Ossuary)
  A goblin zombie (Ossuary)
  A hobgoblin zombie (Ossuary)
  A kobold zombie (Ossuary)
  An orc zombie (Ossuary)
  A quokka (D:4)
  A quokka skeleton (D:4)
  18 rats
240 creatures vanquished.

Vanquished Creatures (others)
  A fungus (Lair:2)
1 creature vanquished.

Grand Total: 241 creatures vanquished

Notes
Turn   | Place    | Note
--------------------------------------------------------------
     0 | D:1      | Ordine the Minotaur Gladiator began the quest for the Orb.
     0 | D:1      | Reached XP level 1. HP: 18/18 MP: 0/0
   185 | D:1      | Reached skill level 4 in Staves
   262 | D:1      | Reached XP level 2. HP: 19/25 MP: 1/1
   855 | D:1      | Reached skill level 5 in Staves
   986 | D:1      | Reached XP level 3. HP: 30/30 MP: 2/2
  1072 | D:2      | Noticed a moth of wrath
  1074 | D:2      | Found a bloodstained altar of Trog.
  1946 | D:3      | Reached XP level 4. HP: 25/37 MP: 3/3
  1949 | D:3      | Reached skill level 6 in Staves
  2155 | D:3      | Noticed a phantom
  2164 | D:3      | Killed a phantom
  2164 | D:3      | Reached skill level 7 in Staves
  2164 | D:3      | Reached XP level 5. HP: 28/42 MP: 4/4
  2688 | D:3      | Found a deep blue altar of Sif Muna.
  3408 | D:3      | Reached skill level 8 in Staves
  3410 | D:3      | Identified Sif Muna's Tome of the Rocks
  3451 | D:3      | Learned a level 1 spell: Sandblast
  3511 | D:4      | Reached XP level 6. HP: 33/50 MP: 5/5
  4111 | D:4      | Noticed Menkaure
  4117 | D:4      | Killed Menkaure
  4117 | D:4      | Reached skill level 9 in Staves
  4278 | D:4      | Noticed Duvessa
  4279 | D:4      | Noticed Dowan
  4286 | D:4      | Killed Duvessa
  4286 | D:4      | Reached XP level 7. HP: 54/56 MP: 6/6
  4291 | D:4      | Killed Dowan
  4291 | D:4      | Reached skill level 10 in Staves
  4602 | D:5      | Entered Level 5 of the Dungeon
  4649 | D:5      | Found a staircase to the Ecumenical Temple.
  4660 | Temple   | Entered the Ecumenical Temple
  4683 | Temple   | Became a worshipper of Warmaster Okawaru
  5061 | D:5      | Found a white marble altar of Elyvilon.
  5232 | D:5      | Noticed Clownie's ghost (novice OpAs)
  5244 | D:5      | Killed Clownie's ghost
  5244 | D:5      | Reached skill level 11 in Staves
  5244 | D:5      | Reached XP level 8. HP: 50/62 MP: 7/7
  5317 | D:5      | Noticed Blork the orc
  5324 | D:5      | Killed Blork the orc
  5324 | D:5      | Reached skill level 12 in Staves
  5519 | D:6      | Reached * piety under Okawaru
  5571 | D:6      | Gained mutation: You possess an exceptional clarity of mind. [mutagenic meat]
  5572 | D:6      | Gained mutation: You have very sharp teeth. [mutagenic meat]
  5573 | D:6      | Gained mutation: You expend magic power (3 MP) to strengthen your wands. [mutagenic meat]
  5574 | D:6      | Gained mutation: You are clumsy. (Dex -2) [mutagenic meat]
  5619 | D:6      | Noticed Clownie's ghost (novice OpAs)
  5637 | D:6      | Killed Clownie's ghost
  5637 | D:6      | Reached skill level 13 in Staves
  5676 | D:6      | Found a basalt altar of Yredelemnul.
  5683 | D:6      | Found a blossoming altar of Fedhas.
  5683 | D:6      | Found a sparkling altar of Nemelex Xobeh.
  5750 | D:6      | Reached ** piety under Okawaru
  5804 | D:6      | Reached XP level 9. HP: 68/68 MP: 8/8
  5832 | D:6      | Reached skill level 14 in Staves
  5937 | D:6      | Found a sacrificial altar of Ru.
  6155 | D:7      | Reached skill level 1 in Armour
  6672 | D:7      | Got a brightly glowing scale mail
  6692 | D:7      | Identified the +2 scale mail "Xedu" {rF+} (You found it on level 7 of the Dungeon)
  6850 | D:8      | Gained mutation: Armour fits poorly on your strangely shaped body. [mutagenic meat]
  6851 | D:8      | Gained mutation: You occasionally shout uncontrollably at your foes. [mutagenic meat]
  6852 | D:8      | Gained mutation: You can spit weak poison. [mutagenic meat]
  6853 | D:8      | Gained mutation: You are partially covered in iridescent scales (AC +4). [mutagenic meat]
  6906 | D:8      | HP: 1/72 [giant frog (7)]
  6915 | D:8      | Reached skill level 5 in Dodging
  6928 | D:8      | HP: 5/108 [giant frog (4)]
  7259 | D:8      | Reached skill level 5 in Fighting
  7269 | D:8      | Noticed Erica
  7278 | D:8      | Killed Erica
  7278 | D:8      | Reached *** piety under Okawaru
  7278 | D:8      | Reached skill level 5 in Armour
  7297 | D:8      | Found a sand-covered staircase.
  7311 | Ossuary  | Entered an ossuary
  7675 | Ossuary  | Reached XP level 10. HP: 83/83 MP: 9/9
  7810 | D:8      | Found a glowing silver altar of Zin.
  8358 | D:9      | Found a staircase to the Lair.
  8421 | D:9      | Noticed Zero's ghost (novice GrBe)
  8435 | D:9      | Killed Zero's ghost
  8435 | D:9      | Reached **** piety under Okawaru
  8964 | D:9      | Got a twisted falchion
  8965 | D:9      | Identified the +3 falchion of Inquiry {freeze, +Blink rF- MR+} (You found it on level 9 of the Dungeon)
  9436 | Lair:1   | Entered Level 1 of the Lair of Beasts
  9966 | Lair:1   | Noticed a black mamba
  9973 | Lair:1   | Killed a black mamba
  9973 | Lair:1   | Reached ***** piety under Okawaru
 10652 | Lair:1   | Reached XP level 11. HP: 68/95 MP: 10/10
 10798 | Lair:2   | Received a gift from Okawaru
 10801 | Lair:2   | Got a brightly glowing lajatang {god gift}
 10802 | Lair:2   | Identified the +3 lajatang of Distant Worlds {freeze, rElec Str+3} (Okawaru gifted it to you on level 2 of the Lair of Beasts)
 11315 | Lair:2   | Noticed Harold
 11328 | Lair:2   | Killed Harold
 11687 | Lair:2   | Reached skill level 10 in Fighting
 12031 | Lair:3   | Reached skill level 10 in Dodging
 12057 | Lair:3   | Found a frozen archway.
 12059 | Lair:3   | Noticed a six-headed hydra
 12069 | Lair:3   | Killed a six-headed hydra
 12069 | Lair:3   | Received a gift from Okawaru
 12069 | Lair:3   | Reached skill level 10 in Armour
 12069 | Lair:3   | Reached skill level 1 in Earth Magic
 12187 | IceCv    | Entered an ice cave
 12194 | IceCv    | HP: 4/99 [wolf spider simulacrum (23)]
 12194 | IceCv    | Annihilated by a wolf spider simulacrum

Vault maps used:
D:1:      minmay_arrival_nine_rooms
D:2:      tgw_trog
D:3:      led_sif_book, first_bread, kennysheep_generic_room_6
D:4:      uniq_duvessa, uniq_menkaure
D:5:      lemuel_crystal_altar, temple_fountains, kennysheep_big_empty_room,
          uniq_blork_the_orc
D:6:      lemuel_round_altar, gammafunk_temple_overflow_forgotten
D:8:      basic_altar, nicolae_ossuary_entry_ruins, uniq_erica
D:9:      grunt_lair_entry_elf_guard_hut, grunt_pizzeria, amethyst_killhole
Temple:   triangle_lava_temple_12
Lair:1:   minivault_19
Lair:2:   uniq_harold
Lair:3:   portal_ice_cave_entry_pillars_03, st_stairs_7, lemuel_fruit_fields
Ossuary:  ossuary_crypta
IceCv:    ice_cave_small_necro

Action                   |  1- 3 |  4- 6 |  7- 9 | 10-12 || total
-------------------------+-------+-------+-------+-------++-------
Melee: Quarterstaff      |    79 |    98 |   263 |   230 ||   670
       Lajatang          |       |       |       |    84 ||    84
Invok: Heroism           |       |       |       |     1 ||     1
 Abil: Stop Flying       |       |     2 |       |       ||     2
       Evoke Flight      |       |     2 |       |       ||     2
  Use: Scroll            |     6 |     4 |     9 |    11 ||    30
       Potion            |     1 |       |     3 |       ||     4
  Eat: Chunk             |     3 |     8 |    20 |    12 ||    43
       Pizza             |       |       |       |     1 ||     1
       Fruit             |       |       |       |     1 ||     1
